 Dungeon Crawl Stone Soup version 0.26.0-3-g156281e41b (webtiles) character file.

Game seed: 5504008218292357046

2091 EnegeticOcto the Cleaver (level 9, -2/81 HPs)
             Began as a Deep Dwarf Fighter on Jan 9, 2021.
             Was a Follower of Makhleb.
             Killed from afar by an efreet (6 damage)
             ... with a bolt of fire
             ... on level 1 of the Abyss.
             The game lasted 00:02:41 (3026 turns).

EnegeticOcto the Cleaver (Deep Dwarf Fighter)       Turns: 3026, Time: 00:02:41

Health: -2/81      AC: 17    Str: 22    XL:     9   Next: 6%
Magic:  10/10      EV:  5    Int: 10    God:    Makhleb [*.....]
Gold:   254        SH: 10    Dex: 12    Spells: 8/8 levels left

rFire    . . .     SeeInvis .   a - +0 war axe
rCold    . . .     Faith    .   c - +0 kite shield
rNeg     + . .     Spirit   .   i - +0 plate armour
rPois    .         Reflect  .   (no helmet)
rElec    .         Harm     .   s - +0 cloak
rCorr    .         Rampage  .   h - +1 pair of gloves
Will     +....                  j - +0 pair of boots
Stlth    ..........             (no amulet)
HPRegen  0.00/turn              l - ring of Ogayduw {rN+ Slay+3 Stlth-}
MPRegen  0.12/turn              (no ring)

@: marked, non-regenerating
A: damage resistance, heal wounds, sense surroundings 2, no regeneration
a: Heal Wounds, Renounce Religion


You were on level 1 of the Abyss.
You worshipped Makhleb.
Makhleb was aware of your devotion.
You visited 1 branch of the dungeon, and saw 7 of its levels.
You visited the Abyss 1 time.

You collected 254 gold pieces.

Inventory:

Hand Weapons
 a - a +0 war axe (weapon)
Armour
 b - a +0 scale mail
 c - a +0 kite shield (worn)
 h - a +1 pair of gloves (worn)
 i - a +0 plate armour (worn)
 j - a +0 pair of boots (worn)
 s - a +0 cloak (worn)
Jewellery
 l - the ring of Ogayduw (left hand) {rN+ Slay+3 Stlth-}
   (You found it on level 5 of the Dungeon)

   [ring of attention]

   It affects your accuracy and damage with ranged weapons and melee attacks
   (+3).
   It protects you from negative energy.
   It makes you less stealthy.
Wands
 f - a wand of iceblast (7) {@v2}
 n - a wand of enslavement (20)
 o - a wand of digging (2) {@v3}
Scrolls
 e - 8 scrolls of remove curse {@r2}
 g - 3 scrolls of fog
 k - a scroll of teleportation {@r3}
 t - a scroll of enchant armour
 u - a scroll of immolation {unknown}
 v - a scroll of enchant weapon {unknown}
Potions
 d - 2 potions of might {@q3}
 m - a potion of resistance {unknown}
 p - a potion of haste {@q4}
 q - 2 potions of curing {@q1}
 r - 2 potions of degeneration {unknown}


   Skills:
 + Level 5.3 Fighting
 * Level 8.2 Axes
 + Level 6.3 Armour
 + Level 6.4 Shields
 + Level 4.7 Invocations


You had 8 spell levels left.
You didn't know any spells.
Your spell library was empty.

Dungeon Overview and Level Annotations

Branches:
Dungeon (7/15)             Temple (0/1) D:6

Altars:
Makhleb

Shops:
D:6 :

Annotations:
D:7 Harold


Innate Abilities, Weirdness & Mutations

You are resistant to damage.
You can heal yourself by infusing magical energy.
You passively map the area around you.
You do not regenerate.


Message History

You hit the golden dragon skeleton but do no damage.
The golden dragon skeleton bites you but does no damage.
The golden dragon skeleton claws you!
The golden dragon skeleton barely misses you.
The red ugly thing pecks you but does no damage.
You hit the red ugly thing.
The red ugly thing is moderately wounded.
You hit the golden dragon skeleton but do no damage.
The red ugly thing basks in the mutagenic energy from its kin and changes!
You slash the cyan ugly thing!
The cyan ugly thing is heavily wounded.
You hit the ufetubus. You block the ufetubus's attack.
The ufetubus hits you but does no damage.
A red very ugly thing comes into view.
You closely miss the cyan ugly thing.
The cyan ugly thing is heavily wounded.
You hit the ynoxinul. The cyan ugly thing kicks you.
The cyan ugly thing shocks you!
* * * LOW HITPOINT WARNING * * *
You are too injured to fight recklessly!
You are too injured to fight recklessly!
You are too injured to fight recklessly!
You are too injured to fight recklessly!
You are too injured to fight recklessly!
You are too injured to fight recklessly!
You are too injured to fight recklessly!
You are too injured to fight recklessly!
You are too injured to fight recklessly!
You are too injured to fight recklessly!
You are too injured to fight recklessly!
You feel much better.
An ufetubus comes into view.
The ynoxinul hits you. You block the cyan ugly thing's attack.
The cyan ugly thing basks in the mutagenic energy from its kin and changes!
You fail to use your ability.
You block the ynoxinul's attack. The cyan ugly thing kicks you.
The cyan ugly thing shocks you!
An efreet comes into view.
It is wielding a +4 scimitar of flaming.
You are too injured to fight recklessly!
You are too injured to fight recklessly!
You are too injured to fight recklessly!
You are too injured to fight recklessly!
You are too injured to fight recklessly!
You are too injured to fight recklessly!
You are too injured to fight recklessly!
You are too injured to fight recklessly!
You are too injured to fight recklessly!
You are too injured to fight recklessly!
You are too injured to fight recklessly!
You are too injured to fight recklessly!
You feel much better.
The ynoxinul hits you but does no damage.
The cyan ugly thing kicks you. The cyan ugly thing shocks you!
You block the ynoxinul's attack. You block the cyan ugly thing's attack.
The ynoxinul gestures.
A large abomination comes into view.
The ufetubus barely misses you. You block the ufetubus's attack. x2
The ufetubus hits you but does no damage.
The efreet barely misses you.
The ufetubus hits you but does no damage.
The ufetubus completely misses you. The ufetubus barely misses you.
The ufetubus hits you but does no damage. x3
The red very ugly thing gores you!
You are covered in liquid flames.
You are covered in liquid flames!
You block the ufetubus's attack. The ufetubus closely misses you.
You are covered in liquid flames!
The ufetubus hits you but does no damage.
You block the ufetubus's attack. You block the efreet's attack.
The ufetubus hits you but does no damage.
The ufetubus closely misses you.
The ufetubus hits you but does no damage. x2
The red very ugly thing gores you but does no damage.
The ufetubus hits you but does no damage. x2
You are covered in liquid flames!
You block the ufetubus's attack. The ufetubus completely misses you.
The ynoxinul gestures.
You block the ufetubus's attack.
The ufetubus hits you but does no damage.
The efreet hits you with a +4 scimitar of flaming!
The efreet burns you. You block the ufetubus's attack. The ufetubus hits you.
The red very ugly thing gores you but does no damage.
The ufetubus hits you but does no damage. x2
You are covered in liquid flames!
* * * LOW HITPOINT WARNING * * *
You block the ufetubus's attack.
The ufetubus hits you but does no damage. x3
The ufetubus barely misses you.
The ufetubus hits you but does no damage.
The efreet gestures at you. The bolt of fire hits you!
* * * LOW HITPOINT WARNING * * *
The ufetubus barely misses you. You block the ufetubus's attack.
The red very ugly thing basks in the mutagenic energy from its kin and changes!
You are covered in liquid flames!
* * * LOW HITPOINT WARNING * * *
You block the ufetubus's attack. x2; The ufetubus barely misses you.
The ufetubus hits you but does no damage.
The efreet gestures at you. The bolt of fire hits you!
You die...

.. ## .# #.###.
.. ..#.#.. #.#
....... ###.##.
..#.#
#.#...#..##. ..
.#.##..#
#..###5..### #
#5u#@R5..#
....55u35......
#...ZX555...#..
# #
##...###...## #
.##
.##.#.###.## .
#..... #..#..
.. ....#.
.#....##.....
#... ##.. #.. #
.≈≈≈ .# #
##.... ≈ ≈≈


You could see a cyan very ugly thing, a large abomination, an efreet, a
ynoxinul, 8 ufetubi and a golden dragon skeleton.

Vanquished Creatures
  Maggie (D:6)
  Sigmund (D:5)
  Eustachio (D:5)
  Menkaure (D:5)
  Edmund (D:6)
  Duvessa (D:4)
  2 ice beasts (D:6)
  A phantom (D:6)
  An ogre (D:4)
  2 centaurs
  A bullfrog (D:6)
  Dowan (D:4)
  2 bullfrog zombies (D:5)
  An iron imp (Abyss:1)
  2 jellies
  A bullfrog skeleton (D:4)
  2 hounds
  Ijyb (D:3)
  Natasha (D:3)
  A worker ant (D:6)
  2 hound zombies (D:5)
  A hound skeleton (D:6)
  10 adders
  A howler monkey skeleton (D:6)
  A shadow imp (D:4)
  An ufetubus (D:6)
  2 oozes
  An adder skeleton (D:5)
  A worm (D:4)
  2 dart slugs
  4 leopard geckos
  4 orcs
  A bat (D:2)
  4 giant cockroaches
  3 goblins (D:2)
  8 hobgoblins
  6 jackals
  4 kobolds
  A quokka (D:3)
  A ball python (D:4)
  7 frilled lizards
  A quokka zombie (D:5)
  4 rats
95 creatures vanquished.

Notes
Turn   | Place    | Note
-------+----------+-------------------------------------------
     0 | D:1      | EnegeticOcto the Deep Dwarf Fighter began the quest for the
                  | Orb.
     0 | D:1      | Reached XP level 1. HP: 20/20 MP: 1/1
   260 | D:2      | Reached XP level 2. HP: 25/27 MP: 2/2
   261 | D:2      | Found a burning altar of Makhleb.
   519 | D:2      | Reached skill level 3 in Axes
   519 | D:2      | Reached XP level 3. HP: 30/33 MP: 3/3
   762 | D:3      | Reached XP level 4. HP: 25/42 MP: 4/4
   979 | D:3      | Noticed Natasha
   988 | D:3      | Killed Natasha
   989 | D:3      | Reached skill level 4 in Axes
   989 | D:3      | Reached XP level 5. HP: 39/49 MP: 5/5
  1084 | D:4      | Noticed Duvessa
  1084 | D:4      | Noticed Dowan
  1100 | D:4      | Killed Duvessa
  1101 | D:4      | Reached XP level 6. HP: 29/57 MP: 6/6
  1105 | D:4      | Killed Dowan
  1106 | D:4      | Reached skill level 5 in Axes
  1856 | D:2      | Became a worshipper of Makhleb the Destroyer
  1859 | D:3      | Noticed Ijyb
  1876 | D:3      | Killed Ijyb
  1962 | D:5      | Entered Level 5 of the Dungeon
  1975 | D:5      | Reached XP level 7. HP: 55/64 MP: 6/6
  2013 | D:5      | Reached skill level 5 in Armour
  2013 | D:5      | Reached skill level 5 in Shields
  2013 | D:5      | Reached skill level 1 in Invocations
  2014 | D:5      | Got a brightly glowing golden ring
  2015 | D:5      | Identified the ring of Ogayduw {rN+ Slay+3 Stlth-} (You
                  | found it on level 5 of the Dungeon)
  2077 | D:5      | Noticed Eustachio
  2110 | D:5      | Killed Eustachio
  2111 | D:5      | Reached skill level 6 in Axes
  2209 | D:5      | Noticed Sigmund
  2222 | D:5      | Killed Sigmund
  2331 | D:5      | Reached XP level 8. HP: 49/73 MP: 7/9
  2401 | D:5      | Noticed Menkaure
  2408 | D:5      | Killed Menkaure
  2534 | D:6      | Reached skill level 7 in Axes
  2613 | D:6      | Noticed Maggie
  2632 | D:6      | Reached * piety under Makhleb
  2634 | D:6      | Killed Maggie
  2635 | D:6      | Reached skill level 5 in Fighting
  2691 | D:6      | Reached skill level 8 in Axes
  2693 | D:6      | Noticed Edmund
  2700 | D:6      | Killed Edmund
  2701 | D:6      | Gained mutation: You passively map the area around you.
                  | [Deep Dwarf growth]
  2701 | D:6      | Reached XP level 9. HP: 47/81 MP: 10/10
  2728 | D:6      | Found Eteoh's Book Shoppe.
  2805 | D:6      | Found a staircase to the Ecumenical Temple.
  2958 | D:7      | Noticed Harold
  2968 | D:7      | Cast into level 1 of the Abyss (gnoll)
  2994 | Abyss:1  | Found an ornate altar of the Wu Jian Council.
  3003 | Abyss:1  | Noticed a red ugly thing
  3004 | Abyss:1  | Noticed a red ugly thing
  3014 | Abyss:1  | Noticed a red very ugly thing
  3017 | Abyss:1  | Noticed an efreet
  3020 | Abyss:1  | Noticed a large abomination
  3026 | Abyss:1  | HP: 4/81 [burnt (2)]
  3026 | Abyss:1  | Killed from afar by an efreet

Illustrated notes

Levels and vault maps discovered:
D:1:      dpeg_arrival_simpleton_b, layout_basic
D:2:      layout_rooms, general_overflow_altar, serial_forest,
          infiniplex_forest_lined_2, infiniplex_forest_straight_3,
          infiniplex_forest_straight_4, infiniplex_forest_lined_3_way,
          infiniplex_forest_clump_large, infiniplex_forest_diagonal,
          infiniplex_forest_straight_2
D:3:      layout_loops_ring, uniq_ijyb, uniq_natasha
D:4:      minmay_recursive_quarters, layout_gridville,
          kennysheep_generic_room_2, uniq_duvessa
D:5:      layout_cave_pools, uniq_sigmund, uniq_menkaure, uniq_eustachio
D:6:      layout_cave_pools, minmay_temple_entry_hall, serial_shops,
          nicolae_shop_trees, uniq_edmund, uniq_maggie
D:7:      minmay_the_grid_plus [minmay_the_grid_all_tris,
          minmay_the_grid_broken_lines, minmay_the_grid_minigrid_small,
          minmay_the_grid_tiny_cups, minmay_the_grid_prize_inner_circle],
          layout_cave_pools, serial_shops, kennysheep_mini,
          hangedman_decor_riveting, kennysheep_nub, lemuel_flame_loot_1,
          uniq_harold
Abyss:1:  base:
Temple

Skill      XL: |  1  2  3  4  5  6  7  8 |
---------------+-------------------------+-----
Axes           | 3 4 5 6 8 |  8.2
Fighting       | 3 4 5 |  5.3
Armour         | 4 5 6 |  6.3
Shields        | 4 5 6 |  6.4
Invocations    | 2 4 |  4.7

Action                   |  1- 3 |  4- 6 |  7- 9 || total
-------------------------+-------+-------+-------++-------
Melee: War axe           |    82 |   159 |   146 ||   387
 Abil: Heal Wounds       |       |     4 |     7 ||    11
  Use: Scroll            |     3 |     5 |     1 ||     9
       Potion            |       |     1 |     1 ||     2
Armor: Scale mail        |     4 |       |       ||     4
       Plate armour      |    54 |    93 |   167 ||   314
Dodge: Dodged            |    15 |    21 |    40 ||    76
Block: Kite shield       |    46 |   104 |   118 ||   268
